 Dungeon Crawl Stone Soup version 0.28-a0-724-g66f9036eb4 (webtiles) character file.

Game seed: 15523656551317675464

127 flotson the Sneak (level 4, -5/35 HPs)
             Began as a Demonspawn Delver on Oct 26, 2021.
             Blown up by Ijyb (31 damage)
             ... with a mindburst bolt
             ... on level 3 of the Dungeon.
             The game lasted 00:03:35 (2487 turns).

flotson the Sneak (Demonspawn Delver)               Turns: 2487, Time: 00:03:36

Health: -5/35      AC:  6    Str: 13    XL:     4   Next: 85%
Magic:  4/4        EV: 11    Int: 12    God:
Gold:   110        SH:  3    Dex: 14    Spells: 3/3 levels left

rFire   . . .      SeeInvis .   a - +3 whip
rCold   . . .      Faith    .   u - +0 buckler
rNeg    . . .      Spirit   .   l - +0 ring mail
rPois   +          Reflect  .   (no helmet)
rElec   .          Harm     .   (no cloak)
rCorr   .          Rampage  .   s - +0 pair of gloves
Will    .....                   (no boots)
Stlth   ++........              (no amulet)
HPRegen 0.11/turn               k - ring of poison resistance
MPRegen 0.09/turn               (no ring)

@: no status effects
A: powered by pain 1, sturdy frame 1
a: no special abilities


You were on level 3 of the Dungeon.
You visited 1 branch of the dungeon, and saw 5 of its levels.

You collected 110 gold pieces.

Inventory:

Hand Weapons
 a - a +3 whip (weapon)
 b - a +0 trident
Armour
 l - a +0 ring mail (worn)
 s - a +0 pair of gloves (worn)
 u - a +0 buckler (worn)
Jewellery
 k - a ring of poison resistance (left hand)
 q - an amulet of magic regeneration
Wands
 g - a wand of digging (1)
Scrolls
 c - 3 scrolls of fog
 d - 4 scrolls of identify {unknown}
 e - 5 scrolls of fear
 i - 2 scrolls of magic mapping
 j - 3 scrolls of teleportation {unknown}
 v - a scroll of holy word {unknown}
Potions
 f - 2 potions of heal wounds {unknown}
 h - 3 potions of lignification {unknown}
 m - a potion of curing
 n - a potion of flight {unknown}
 o - 2 potions of brilliance {unknown}
 p - a potion of haste
 r - a potion of attraction {unknown}
 t - a potion of ambrosia {unknown}


   Skills:
 + Level 3.5 Fighting
 + Level 2.4(2.5) Axes
 - Level 0.8(1.8) Polearms
 + Level 1.4 Armour
 + Level 2.6 Dodging
 - Level 4.9 Stealth
 + Level 0.1 Shields


You had 3 spell levels left.
You didn't know any spells.
Your spell library contained the following spells:

 Spells                   Type           Power      Damage    Failure   Level
 Airstrike                Air            0%         N/A       100%        4
 Summon Lightning Spire   Summ/Air       0%         N/A       100%        4
 Lightning Bolt           Conj/Air       0%         1d11      100%        5


Dungeon Overview and Level Annotations

Branches:
Dungeon (5/15)             Temple (0/1) D:5

Altars:
Ashenzari
Dithmenos
Kikubaaqudgha
Sif Muna
Xom

Annotations:
D:3 Ijyb


Innate Abilities, Weirdness & Mutations

You sometimes gain a little power by taking damage.
Your movements are slightly less encumbered by armour. (ER -2)


Message History

The ball python barely misses you.
You hit the ball python.
The ball python is heavily wounded.
The ball python bites you but does no damage.
The ball python grabs you. The ball python constricts you.
You whack the ball python!
You kill the ball python!
You hit the rat.
You kill the rat!
No target in view!
No target in view!
No target in view!
No target in view!
No target in view!
Ijyb the Twisted Goblin comes into view.
She is wielding a +0 club and carrying a wand of mindburst (12).
You see here 8 gold pieces.
Ijyb shouts!
You hear an angry hiss.
Ijyb zaps a wand.
Your mind is blasted!
You hit Ijyb.
Ijyb is lightly wounded.
Ijyb barely misses you.
You hit Ijyb.
Ijyb is heavily wounded.
Ijyb zaps a wand.
Your mind is blasted!
You barely miss Ijyb.
Ijyb is heavily wounded.
Ijyb zaps a wand.
You barely resist. You hit Ijyb but do no damage.
Ijyb is heavily wounded.
You block Ijyb's attack.
You hit Ijyb but do no damage.
Ijyb is heavily wounded.
Ijyb hits you but does no damage.
You closely miss Ijyb.
Ijyb is heavily wounded.
Ijyb hits you with a +0 club.
A rat comes into view.
Ijyb zaps a wand.
Your mind is blasted!
Ouch! That really hurt!
You die...

#.........#.####...##.......
###...>..##.# #............
#.......#.## #.#.#........
#.......#..# #.#.##.....##
#.......##.###.#...##...##
##......##..##.###.......#
##...#..##$##.# #........
###........#.# #..<.....
#####@#..)..##........
#..g.................
.....##...###........##.
r..# ###..##.####...... ..
#...............
##..#.####...>..
........)......
#.##.####...... #.####......


You could see Ijyb and a rat.

Vanquished Creatures
  Jessica (D:3)
  2 adders
  A worm (D:3)
  4 dart slugs
  3 endoplasms
  3 giant cockroaches (D:1)
  8 goblins
  11 hobgoblins
  6 jackals
  3 quokkas
  6 ball pythons
  7 bats
  4 frilled lizards
  3 kobolds
  5 rats
67 creatures vanquished.

Notes
Turn   | Place    | Note
-------+----------+-------------------------------------------
     0 | D:5      | flotson the Demonspawn Delver began the quest for the Orb.
     0 | D:5      | Reached XP level 1. HP: 18/18 MP: 1/1
     2 | D:5      | Found an ancient bone altar of Kikubaaqudgha.
    26 | D:5      | Found a shimmering blue altar of Sif Muna.
    26 | D:5      | Found a shadowy altar of Dithmenos.
    55 | D:5      | Noticed a hound
    65 | D:5      | Noticed a scorpion
   392 | D:2      | Gained mutation: Your movements are slightly less
                  | encumbered by armour. (ER -2) [demonic ancestry]
   392 | D:2      | Reached XP level 2. HP: 17/24 MP: 2/2
   579 | D:1      | Found a faded altar of an unknown god.
  1074 | D:1      | Reached XP level 3. HP: 28/29 MP: 3/3
  1944 | D:2      | Reached skill level 1 in Armour
  1981 | D:2      | Gained mutation: You sometimes gain a little power by
                  | taking damage. [demonic ancestry]
  1981 | D:2      | Reached XP level 4. HP: 25/35 MP: 4/4
  2275 | D:3      | Noticed Jessica
  2295 | D:3      | Killed Jessica
  2479 | D:3      | Noticed Ijyb
  2487 | D:3      | Blown up by Ijyb

Illustrated notes

Levels and vault maps discovered:
D:1:      minmay_arrival_doors, layout_basic,
          shapermc_ecumenical_altar_acropolis, minmay_crystal_room
D:2:      layout_basic
D:3:      layout_rooms, serial_shops, shop, uniq_ijyb, uniq_jessica
D:4:      layout_loops_cross, minivault_14, minmay_misc_feat_tiny
D:5:      wad_river_or_something, layout_basic, elyvilon_altar_4,
          grunt_dithmenos_smoke_and_mirrors, nicolae_overflow_hidden_temple,
          mainiacjoe_overflow_concentric_impassable,
          minmay_temple_entry_butterflies

Skill      XL: |  1  2  3 |
---------------+----------+-----
Dodging        | 2 |  2.6
Axes           | 2 |  2.4
Armour         | 1 |  1.4
Fighting       | |  3.5
Polearms       | |  0.8
Stealth        | |  4.9
Shields        | |  0.1

Action                   |  1- 3 |  4- 6 || total
-------------------------+-------+-------++-------
Melee: Trident           |    61 |       ||    61
       Hand axe          |     6 |       ||     6
       Whip              |    77 |    35 ||   112
Evoke: Wand              |     2 |       ||     2
  Use: Scroll            |     1 |       ||     1
       Potion            |     1 |       ||     1
 Stab: Sleeping          |    10 |     2 ||    12
Armor: Leather armour    |    21 |       ||    21
       Ring mail         |    37 |    15 ||    52
Dodge: Dodged            |   106 |    21 ||   127
Block: Buckler           |       |     1 ||     1

Table legend: (Time is in decaauts)
 A = Elapsed time spent in this place.
 B = Non-inter-level travel time spent in this place.
 C = Inter-level travel time spent in this place.
 D = Time resting spent in this place.
 E = Time spent auto-exploring this place.
 F = Levels seen in this place.
 G = Mean time per level.
                   A        B        C        D        E       F      G
               +--------+--------+--------+--------+--------+-----+--------+
         Total |   2493 |   2419 |     74 |    197 |   1688 |   5 |  498.6 |
       Dungeon |   2493 |   2419 |     74 |    197 |   1688 |   5 |  498.6 |
               +--------+--------+--------+--------+--------+-----+--------+

Top non-repeatable levels by time:
     D:2: 1151 daAuts
     D:1: 969 daAuts
     D:3: 269 daAuts
     D:5: 83 daAuts
     D:4: 19 daAuts
